 Dungeon Crawl Stone Soup version 0.20.1-1-g8b1a95d (webtiles) character file.

371 mmigdal the Sneak (level 6, 0/44 HPs)
             Began as a Vampire Enchanter on Oct 30, 2017.
             Was an Initiate of Dithmenos.
             Slain by a quasit (1 damage)
             ... summoned by Eustachio
             ... on level 3 of the Dungeon.
             The game lasted 00:38:26 (5505 turns).

mmigdal the Sneak (Vampire Enchanter)               Turns: 5505, Time: 00:38:26

Health: 0/44       AC:  5    Str:  8      XL:     6   Next: 42%
Magic:  19/19      EV: 12    Int: 17      God:    Dithmenos [......]
Gold:   208        SH:  0    Dex: 15 (16) Spells: 1/10 levels left

rFire    . . .     SeeInvis +   a - +1 dagger
rCold    . . .     Gourm    .   (no shield)
rNeg     + . .     Faith    .   p - +0 leather armour
rPois    +         Spirit   .   o - +0 helmet
rElec    .         Reflect  .   (no cloak)
rCorr    .         Harm     .   t - +0 pair of gloves
MR       .....                  (no boots)
Stlth    +++.......             (no amulet)
Regen    0.2/turn               z - ring of poison resistance
MPRegen  0.2/turn               C - ring of magical power

@: no status effects
A: fangs 3, see invisible, unbreathing
a: Bat Form, Renounce Religion


You were on level 3 of the Dungeon.
You worshipped Dithmenos.
Dithmenos was noncommittal.
You were not thirsty.

You visited 1 branch of the dungeon, and saw 4 of its levels.

You collected 208 gold pieces.

Inventory:

Hand Weapons
 a - a +1 dagger (weapon)
 f - a +0 dagger of draining
 n - a +0 short sword
 B - a +0 blowgun
 D - a cursed -1 rapier
Missiles
 e - 173 stones (quivered)
 j - 23 sling bullets
 A - 21 poisoned needles
Armour
 b - a +0 robe
 o - a +0 helmet (worn)
 p - a +0 leather armour (worn)
 t - a +0 pair of gloves (worn)
Jewellery
 z - a ring of poison resistance (left hand)
 C - a ring of magical power (right hand)
Scrolls
 g - a scroll of remove curse
 q - a scroll of enchant weapon {unknown}
 r - 3 scrolls of amnesia
 s - a scroll of fear {unknown}
 x - a scroll of teleportation {unknown}
 y - a scroll of magic mapping
Potions
 d - 11 potions of blood
 h - a potion of ambrosia
 i - 2 potions of curing
 k - 4 potions of haste
 l - 2 potions of brilliance {unknown}
 m - 2 potions of mutation {unknown}
 u - 2 potions of might {unknown}
 v - a potion of degeneration {unknown}
Books
 c - a book of Maledictions

   Spells                             Type                      Level
   a - Corona                         Hexes                        1
   b - Ensorcelled Hibernation        Hexes/Ice                    2
   c - Confuse                        Hexes                        3
   d - Tukima's Dance                 Hexes                        3
   e - Dazzling Spray                 Conjuration/Hexes            3
 w - a book of Cantrips

   Spells                             Type                      Level
   a - Confusing Touch                Hexes                        1
   b - Animate Skeleton               Necromancy                   1
   c - Summon Small Mammal            Summoning                    1
   d - Apportation                    Translocation                1


   Skills:
 + Level 2.1 Fighting
 + Level 2.7 Short Blades
 + Level 0.7 Throwing
 + Level 1.2 Armour
 + Level 2.9 Dodging
 + Level 6.2 Stealth
 + Level 2.6 Spellcasting
 + Level 0.8 Conjurations
 + Level 5.7 Hexes


You had one spell level left.
You knew the following spells:

 Your Spells              Type           Power        Failure   Level  Hunger
a - Corona                Hex            ###....      2%          1    #......
b - Ensorcelled Hibernat  Hex/Ice        ##....       12%         2    ##.....
c - Dazzling Spray        Conj/Hex       ##....       21%         3    ###....
d - Tukima's Dance        Hex            ###.....     7%          3    ###....


Dungeon Overview and Level Annotations

Branches:
Dungeon (4/15)
 Temple: D:4-7

Altars:
Dithmenos
Fedhas

Annotations:
D:3 Eustachio


Innate Abilities, Weirdness & Mutations

You have razor-sharp teeth.
You have supernaturally acute eyesight. (SInv)
You can survive without breathing.


Message History

Eustachio closely misses you. The quasit misses you. The quasit claws you.
You feel clumsy.
The quasit claws you but does no damage.
The iron imp hits you!
* * * LOW HITPOINT WARNING * * *
You hit the iron imp.
The iron imp is moderately wounded.
The shadow imp disappears in a puff of smoke!
The quasit disappears in a puff of smoke!
Eustachio hits you.
* * * LOW HITPOINT WARNING * * *
The quasit barely misses you.
The quasit claws you but does no damage. x2
The iron imp hits you!
* * * LOW HITPOINT WARNING * * *
The white imp spits at you.
You fail to use your ability.
The quasit bites you but does no damage.
The quasit closely misses you. The quasit claws you.
You die...

#.######.......#.# ##### #.#
####.....#.#.## ....# #.#
#........#....#### ###.# #.#
#.##.....#........ #.# #.#
#.##..r.......#### #.#
#.###.###.######.## # #.#
#....5@.5.# #.# # #.# #####5#####
#.# # #.# #@# ##'## # #.# #.#
##...## # #.## #.## ##.....###
##..# ##..## ##.......##
##...##########.#..####.......>.#
.....[................'.........รท
##.......######....####.........#
#..>###<# ##.#.## ##.......##
#.#.# #.# ##...## ##.....###


You could see Eustachio, an iron imp and a quasit.

Vanquished Creatures
  A sky beast (D:3)
  An orc wizard (D:3)
  6 gnolls (D:2)
  6 adders
  A worm (D:3)
  A dart slug (D:1)
  3 leopard geckos
  7 orcs (D:3)
  8 giant cockroaches
  17 goblins
  7 hobgoblins
  8 jackals
  11 kobolds
  2 quokkas
  12 bats
  A frilled lizard (D:3)
  5 rats
97 creatures vanquished.

Vanquished Creatures (collateral kills)
  An orc priest (D:3)
  2 orcs (D:3)
  A kobold (D:3)
4 creatures vanquished.

Vanquished Creatures (others)
  2 dancing weapons (D:3)
2 creatures vanquished.

Grand Total: 103 creatures vanquished

Notes
Turn   | Place    | Note
-------+----------+-------------------------------------------
     0 | D:1      | mmigdal the Vampire Enchanter began the quest for the Orb.
     0 | D:1      | Reached XP level 1. HP: 13/13 MP: 3/3
   244 | D:1      | Reached XP level 2. HP: 18/19 MP: 1/5
   266 | D:1      | Reached skill level 5 in Stealth
   357 | D:1      | Learned a level 2 spell: Ensorcelled Hibernation
   716 | D:1      | Reached XP level 3. HP: 24/24 MP: 6/6
   728 | D:1      | Learned a level 3 spell: Dazzling Spray
   800 | D:1      | Reached skill level 5 in Hexes
  1721 | D:2      | Reached XP level 4. HP: 30/31 MP: 0/7
  2114 | D:2      | Reached skill level 1 in Fighting
  2973 | D:2      | Reached XP level 5. HP: 37/37 MP: 3/8
  3234 | D:3      | Noticed a sky beast
  3257 | D:3      | Killed a sky beast
  3257 | D:3      | Reached skill level 6 in Stealth
  3257 | D:3      | Reached XP level 6. HP: 21/44 MP: 8/10
  3627 | D:3      | Learned a level 3 spell: Tukima's Dance
  3633 | D:3      | Found a shadowy altar of Dithmenos.
  3633 | D:3      | Found a blossoming altar of Fedhas.
  3656 | D:3      | Reached skill level 1 in Armour
  3719 | D:3      | Became a worshipper of Dithmenos the Shadowed
  5055 | D:4      | Noticed Eustachio
  5503 | D:3      | HP: 1/44 [iron imp[Eustachio] (9)]
  5505 | D:3      | Slain by a quasit

Skill      XL: |  1  2  3  4  5  6 |
---------------+-------------------+-----
Stealth        | 5 6 |  6.2
Hexes          | 5 |  5.7
Fighting       | 1 2 |  2.1
Short Blades   | 2 |  2.7
Armour         | 1 |  1.2
Throwing       | |  0.7
Dodging        | |  2.9
Spellcasting   | |  2.6
Conjurations   | |  0.8

Action                   |  1- 3 |  4- 6 || total
-------------------------+-------+-------++-------
Melee: Dagger            |   151 |   293 ||   444
       Bite              |     8 |    28 ||    36
       Unarmed           |       |    17 ||    17
Throw: Stone             |    24 |    18 ||    42
 Cast: Corona            |     9 |     5 ||    14
       Dazzling Spray    |     9 |     8 ||    17
       Tukima's Dance    |       |    12 ||    12
 Abil: End Transformatio |       |     4 ||     4
       Bat Form          |       |     4 ||     4
  Use: Scroll            |     4 |       ||     4
       Potion            |     2 |     8 ||    10
 Stab: Invisible         |     1 |     4 ||     5
       Sleeping          |       |     4 ||     4
  Eat: Corpse            |     2 |     9 ||    11
Armor: Robe              |    27 |       ||    27
       Leather armour    |    10 |   114 ||   124
Dodge: Dodged            |   122 |   247 ||   369
